[Event "Presidents Day NY GM A 2025"]
[Site "New York"]
[Date "2025.02.15"]
[Round "4.2"]
[White "Nagy, Gabor"]
[Black "Park, Evan"]
[Result "1/2-1/2"]
[Annotator "RC"]
[ECO "E06"]
[WhiteElo "2472"]
[BlackElo "2415"]
[PlyCount "91"]
[EventDate "2025.02.12"]
[EventType "tourn"]
[EventCountry "USA"]
[SourceTitle "playchess.com"]
[Source "ChessBase"]
[SourceQuality "1"]
[TimeControl "5400+30"]

1. d4 Nf6 2. c4 e6 3. Nf3 d5 4. g3 Be7 5. Bg2 O-O 6. O-O a5 7. Qc2 a4 8. Nbd2 Nc6 9. Rd1 Nb4 10. Qb1 c5 11. a3 Nc6 12. dxc5 Bxc5 13. b4 axb3 14. Nxb3 Ba7 15. e3 Qe7 16. cxd5 exd5 17. a4 Rd8 18. Ba3 Qe8 19. Bc5 Ne4 20. Bxa7 Rxa7 21. Qb2 Bg4 22. h3 Bh5 23. Nbd4 Nxd4 24. Nxd4 Qe5 25. g4 Bg6 26. f4 Qb8 27. f5 Qg3 28. Nf3 Ra6 29. fxg6 Rxg6 30. Rf1 Rh6 31. Qxb7 Rxh3 32. Qe7 Rc8 33. Rac1 Rf8 34. Rc2 Nf6 35. g5 Ng4 36. Qc7 Nxe3 37. Qd7 Rh5 38. Re2 Nxf1 39. Re8 g6 40. Rxf8+ Kxf8 41. Qd8+ Kg7 42. Qf6+ Kg8 43. Qd8+ Kg7 44. Qf6+ Kg8 45. Qd8+ Kg7 46. Qf6+ 1/2-1/2

[Event "Presidents Day NY GM A 2025"]
[Site "New York"]
[Date "2025.02.15"]
[Round "4.3"]
[White "Stearman, Josiah"]
[Black "Yang, Qindong"]
[Result "1/2-1/2"]
[Annotator "ChessBase"]
[ECO "B90"]
[WhiteElo "2439"]
[BlackElo "2202"]
[PlyCount "64"]
[EventDate "2025.02.12"]
[EventType "tourn"]
[EventCountry "USA"]
[SourceTitle "playchess.com"]
[Source "ChessBase"]
[SourceQuality "1"]
[TimeControl "5400+30"]

1. e4 c5 2. Nf3 d6 3. d4 cxd4 4. Nxd4 Nf6 5. Nc3 a6 6. Be3 e5 7. Nf3 Qc7 8. a4 Be7 9. a5 Be6 10. Be2 Nc6 11. Bb6 Qd7 12. O-O Bd8 13. Ra4 Bxb6 14. axb6 O-O 15. Qd2 Qd8 16. Ng5 Qxb6 17. Nxe6 fxe6 18. Qxd6 Qxb2 19. Rc4 Qxc2 20. Bd1 Qb2 21. Na4 Qb5 22. Rc5 Qb1 23. Nc3 Qb2 24. Ba4 Kh8 25. Bxc6 bxc6 26. Qxe6 a5 27. Qxc6 h6 28. h3 Qc2 29. Qd6 a4 30. Rc7 Rfc8 31. Qc6 Rxc7 32. Qxa8+ Kh7 1/2-1/2

[Event "Presidents Day NY GM A 2025"]
[Site "New York"]
[Date "2025.02.15"]
[Round "4.4"]
[White "Paragua, Mark"]
[Black "Lenderman, Aleksandr"]
[Result "1/2-1/2"]
[Annotator "RC"]
[ECO "C01"]
[WhiteElo "2446"]
[BlackElo "2480"]
[PlyCount "34"]
[EventDate "2025.02.12"]
[EventType "tourn"]
[EventCountry "USA"]
[SourceTitle "playchess.com"]
[Source "ChessBase"]
[SourceQuality "1"]
[TimeControl "5400+30"]

1. e4 e6 2. d4 d5 3. exd5 exd5 4. Nf3 Nf6 5. h3 Bd6 6. Bd3 Qe7+ 7. Qe2 Qxe2+ 8. Kxe2 O-O 9. Re1 Re8+ 10. Kf1 Rxe1+ 11. Kxe1 Nc6 12. c3 Ne7 13. Bg5 Nh5 14. Nbd2 Nf4 15. Bxf4 Bxf4 16. Kf1 Bf5 17. Bxf5 Nxf5 1/2-1/2

[Event "Presidents Day NY GM A 2025"]
[Site "New York"]
[Date "2025.02.15"]
[Round "4.5"]
[White "Putnam, Liam"]
[Black "Jacobson, Aaron"]
[Result "1/2-1/2"]
[Annotator "ChessBase"]
[ECO "D02"]
[WhiteElo "2402"]
[BlackElo "2343"]
[PlyCount "109"]
[EventDate "2025.02.12"]
[EventType "tourn"]
[EventCountry "USA"]
[SourceTitle "playchess.com"]
[Source "ChessBase"]
[SourceQuality "1"]
[TimeControl "5400+30"]

1. d4 d5 2. Nf3 Nf6 3. Bf4 c5 4. e3 Nc6 5. Nbd2 e6 6. c3 Be7 7. Ne5 Nxe5 8. dxe5 Nd7 9. Bd3 g5 10. Bg3 h5 11. h3 Qc7 12. e4 Nxe5 13. O-O Bd6 14. Bxe5 Bxe5 15. exd5 exd5 16. Re1 Kf8 17. Nf3 Bf6 18. Qd2 Qf4 19. Qxf4 gxf4 20. Rad1 Kg7 21. c4 Be6 22. cxd5 Bxd5 23. b3 Rhe8 24. Kf1 a6 25. Rxe8 Rxe8 26. Rc1 Rc8 27. Nd2 b5 28. a4 c4 29. Bf5 Be6 30. Bxe6 fxe6 31. Ne4 c3 32. Ke2 bxa4 33. bxa4 Rc4 34. Nd6 Rxa4 35. Ne8+ Kf7 36. Nxf6 Kxf6 37. Rxc3 Ra2+ 38. Kf3 Kf5 39. g3 fxg3 40. fxg3 a5 41. Rc5+ e5 42. g4+ hxg4+ 43. hxg4+ Ke6 44. g5 a4 45. g6 Kf6 46. Rxe5 a3 47. Rg5 Kg7 48. Rg1 Rb2 49. Ra1 a2 50. Ke3 Kxg6 51. Kd3 Kh7 52. Kc3 Rh2 53. Kb3 Kh8 54. Rxa2 Rxa2 55. Kxa2 1/2-1/2

[Event "Presidents Day NY GM A 2025"]
[Site "New York"]
[Date "2025.02.16"]
[Round "5.1"]
[White "Jacobson, Aaron"]
[Black "Gauri, Shankar"]
[Result "1-0"]
[Annotator "RC"]
[ECO "D53"]
[WhiteElo "2343"]
[BlackElo "2360"]
[PlyCount "85"]
[EventDate "2025.02.12"]
[EventType "tourn"]
[EventCountry "USA"]
[SourceTitle "playchess.com"]
[Source "ChessBase"]
[SourceQuality "1"]
[TimeControl "5400+30"]

1. c4 Nf6 2. Nc3 e6 3. Nf3 d5 4. d4 c6 5. Bg5 Nbd7 6. e3 h6 7. Bf4 Be7 8. Qc2 dxc4 9. Bxc4 b5 10. Be2 Bb7 11. O-O O-O 12. Rfd1 Rc8 13. Ne5 a6 14. Nd3 Nd5 15. Ne4 Nxf4 16. exf4 Qc7 17. Rac1 Rfd8 18. g3 c5 19. Nexc5 Nxc5 20. dxc5 Qc6 21. f3 a5 22. a3 b4 23. axb4 axb4 24. Kg2 Rd4 25. Ne5 Qxc5 26. Qxc5 Rxc5 27. Rxd4 Rxc1 28. Rd7 Rc2 29. Rxb7 Bc5 30. Nd3 Rxe2+ 31. Kf1 Rxh2 32. Nxc5 Rxb2 33. Nd3 Rb1+ 34. Kg2 b3 35. Ne5 f6 36. Nd3 g5 37. fxg5 hxg5 38. Nc5 Rb2+ 39. Kh3 f5 40. Nxe6 g4+ 41. fxg4 fxg4+ 42. Kxg4 Re2 43. Rb8+ 1-0

[Event "Presidents Day NY GM A 2025"]
[Site "New York"]
[Date "2025.02.16"]
[Round "5.2"]
[White "Lenderman, Aleksandr"]
[Black "Putnam, Liam"]
[Result "0-1"]
[Annotator "RC"]
[ECO "D35"]
[WhiteElo "2480"]
[BlackElo "2402"]
[PlyCount "60"]
[EventDate "2025.02.12"]
[EventType "tourn"]
[EventCountry "USA"]
[SourceTitle "playchess.com"]
[Source "ChessBase"]
[SourceQuality "1"]
[TimeControl "5400+30"]

1. d4 Nf6 2. c4 e6 3. Nf3 d5 4. Nc3 Nbd7 5. cxd5 exd5 6. Qc2 Bb4 7. a3 Bxc3+ 8. bxc3 O-O 9. Bf4 c5 10. e3 Qa5 11. Bd3 b6 12. Ne5 c4 13. Be2 Nxe5 14. Bxe5 Ne4 15. Rc1 Qxa3 16. O-O Bf5 17. Bf3 Ng3 18. e4 Bxe4 19. Bxe4 Nxe4 20. f3 Ng5 21. Qf5 Ne6 22. f4 Qe7 23. Rce1 Rae8 24. Re3 f6 25. Bb8 Qd7 26. Bxa7 Nc5 27. Rxe8 Rxe8 28. Qh5 g6 29. Qf3 Ne4 30. Bxb6 Nd2 0-1

[Event "Presidents Day NY GM A 2025"]
[Site "New York"]
[Date "2025.02.16"]
[Round "5.3"]
[White "Yang, Qindong"]
[Black "Paragua, Mark"]
[Result "1/2-1/2"]
[Annotator "RC"]
[ECO "E73"]
[WhiteElo "2202"]
[BlackElo "2446"]
[PlyCount "63"]
[EventDate "2025.02.12"]
[EventType "tourn"]
[EventCountry "USA"]
[SourceTitle "playchess.com"]
[Source "ChessBase"]
[SourceQuality "1"]
[TimeControl "5400+30"]

1. d4 Nf6 2. c4 g6 3. Nc3 Bg7 4. e4 d6 5. Be2 O-O 6. Be3 c5 7. d5 e6 8. Nf3 exd5 9. cxd5 b5 10. e5 dxe5 11. Bxc5 Re8 12. Bxb5 Nbd7 13. Ba3 a6 14. Ba4 e4 15. Nd4 Ne5 16. O-O Bd7 17. Nc6 Bxc6 18. dxc6 Qa5 19. c7 Rec8 20. Bd6 Nc4 21. Bc6 Nxd6 22. Bxa8 Qxc7 23. Nd5 Qd8 24. Nxf6+ Bxf6 25. Bd5 Bxb2 26. Rb1 Be5 27. Re1 Nb5 28. Bb7 Nc3 29. Qxd8+ Rxd8 30. Rb3 Rd2 31. Bxa6 Bd4 32. Rxc3 1/2-1/2

[Event "Presidents Day NY GM A 2025"]
[Site "New York"]
[Date "2025.02.16"]
[Round "5.4"]
[White "Park, Evan"]
[Black "Stearman, Josiah"]
[Result "0-1"]
[Annotator "RC"]
[ECO "B31"]
[WhiteElo "2415"]
[BlackElo "2439"]
[PlyCount "68"]
[EventDate "2025.02.12"]
[EventType "tourn"]
[EventCountry "USA"]
[SourceTitle "playchess.com"]
[Source "ChessBase"]
[SourceQuality "1"]
[TimeControl "5400+30"]

1. e4 c5 2. a4 Nc6 3. Bb5 e6 4. Bxc6 bxc6 5. d3 d5 6. Nd2 Bd6 7. Qg4 Nf6 8. Qe2 e5 9. b3 O-O 10. Bb2 Qa5 11. Ngf3 c4 12. dxc4 Nxe4 13. O-O Nxd2 14. Nxd2 Ba6 15. Rfd1 Rad8 16. Qf3 Qc7 17. h3 Bb7 18. Qf5 Bc8 19. Qh5 f5 20. Qe2 e4 21. cxd5 cxd5 22. Nf1 Be5 23. Bxe5 Qxe5 24. Qe3 d4 25. Qe2 Rd6 26. Nd2 Ba6 27. Qe1 Qc5 28. Rac1 Rg6 29. Nf1 Bb7 30. b4 Qe5 31. Qe2 d3 32. Qh5 Qf6 33. cxd3 Rg5 34. Qe2 Rxg2+ 0-1

[Event "Presidents Day NY GM A 2025"]
[Site "New York"]
[Date "2025.02.16"]
[Round "5.5"]
[White "Kaliksteyn, Alexander"]
[Black "Nagy, Gabor"]
[Result "1/2-1/2"]
[Annotator "RC"]
[ECO "A38"]
[WhiteElo "2337"]
[BlackElo "2472"]
[PlyCount "30"]
[EventDate "2025.02.12"]
[EventType "tourn"]
[EventCountry "USA"]
[SourceTitle "playchess.com"]
[Source "ChessBase"]
[SourceQuality "1"]
[TimeControl "5400+30"]

1. c4 c5 2. Nf3 Nf6 3. Nc3 Nc6 4. g3 d6 5. Bg2 g6 6. O-O Bg7 7. d3 Bd7 8. Bd2 O-O 9. Qc1 Rb8 10. Bh6 a6 11. b3 b5 12. Bxg7 Kxg7 13. Qb2 Kg8 14. Qd2 Qa5 15. Rac1 Kg7 1/2-1/2

[Event "Presidents Day NY GM A 2025"]
[Site "New York"]
[Date "2025.02.16"]
[Round "6.1"]
[White "Gauri, Shankar"]
[Black "Nagy, Gabor"]
[Result "1/2-1/2"]
[Annotator "ChessBase"]
[ECO "A50"]
[WhiteElo "2360"]
[BlackElo "2472"]
[PlyCount "61"]
[EventDate "2025.02.12"]
[EventType "tourn"]
[EventCountry "USA"]
[SourceTitle "playchess.com"]
[Source "ChessBase"]
[SourceQuality "1"]
[TimeControl "5400+30"]

1. d4 Nf6 2. Nf3 b6 3. g3 Bb7 4. Bg2 c5 5. c4 cxd4 6. Qxd4 Nc6 7. Qd1 Ne5 8. Nbd2 g6 9. b3 Bg7 10. Bb2 Nxf3+ 11. exf3 O-O 12. O-O Re8 13. Re1 Rc8 14. Qe2 d6 15. Rad1 Rc5 16. Bd4 Rc7 17. Ne4 Nxe4 18. fxe4 Bxd4 19. Rxd4 Qc8 20. e5 dxe5 21. Bxb7 Qxb7 22. Qxe5 Rc6 23. Red1 Re6 24. Qd5 Qb8 25. Qd7 Kg7 26. R4d2 Rc8 27. a4 a6 28. Qd4+ Kg8 29. Qd8+ Kg7 30. Qd4+ Kg8 31. Qd8+ 1/2-1/2

[Event "Presidents Day NY GM A 2025"]
[Site "New York"]
[Date "2025.02.16"]
[Round "6.2"]
[White "Stearman, Josiah"]
[Black "Kaliksteyn, Alexander"]
[Result "1-0"]
[Annotator "ChessBase"]
[ECO "B90"]
[WhiteElo "2439"]
[BlackElo "2337"]
[PlyCount "35"]
[EventDate "2025.02.12"]
[EventType "tourn"]
[EventCountry "USA"]
[SourceTitle "playchess.com"]
[Source "ChessBase"]
[SourceQuality "1"]
[TimeControl "5400+30"]

1. e4 c5 2. Nf3 d6 3. d4 cxd4 4. Nxd4 Nf6 5. Nc3 a6 6. h3 e5 7. Nf3 Be7 8. g4 h6 9. Rg1 Nbd7 10. g5 hxg5 11. Nxg5 Nf8 12. Qf3 Ne6 13. Nxe6 Bxe6 14. Rxg7 Rc8 15. Bd2 Kf8 16. Rg1 b5 17. a3 d5 18. Qg3 1-0

[Event "Presidents Day NY GM A 2025"]
[Site "New York"]
[Date "2025.02.16"]
[Round "6.3"]
[White "Paragua, Mark"]
[Black "Park, Evan"]
[Result "1/2-1/2"]
[Annotator "ChessBase"]
[ECO "D24"]
[WhiteElo "2446"]
[BlackElo "2415"]
[PlyCount "64"]
[EventDate "2025.02.12"]
[EventType "tourn"]
[EventCountry "USA"]
[SourceTitle "playchess.com"]
[Source "ChessBase"]
[SourceQuality "1"]
[TimeControl "5400+30"]

1. d4 Nf6 2. c4 e6 3. Nf3 d5 4. Nc3 dxc4 5. e4 b5 6. e5 Nd5 7. Nxb5 Nb6 8. Be2 Bb7 9. O-O Qd7 10. Nc3 Nc6 11. Be3 Bb4 12. Qc2 Ne7 13. Ne4 Nf5 14. Nc5 Bxc5 15. dxc5 Nxe3 16. fxe3 Nd5 17. Qxc4 Nxe3 18. c6 Qxc6 19. Qxc6+ Bxc6 20. Rfc1 Bd7 21. Nd4 Nd5 22. Bf3 Rc8 23. Bxd5 exd5 24. Rc5 Ke7 25. Rac1 c6 26. b4 Rhe8 27. Ra5 Kd8 28. Rf1 Rxe5 29. Rxf7 Re7 30. Rxe7 Kxe7 31. Rxa7 c5 32. bxc5 Rxc5 1/2-1/2

[Event "Presidents Day NY GM A 2025"]
[Site "New York"]
[Date "2025.02.16"]
[Round "6.4"]
[White "Putnam, Liam"]
[Black "Yang, Qindong"]
[Result "1-0"]
[Annotator "ChessBase"]
[ECO "A49"]
[WhiteElo "2402"]
[BlackElo "2202"]
[PlyCount "81"]
[EventDate "2025.02.12"]
[EventType "tourn"]
[EventCountry "USA"]
[SourceTitle "playchess.com"]
[Source "ChessBase"]
[SourceQuality "1"]
[TimeControl "5400+30"]

1. Nf3 Nf6 2. g3 g6 3. Bg2 Bg7 4. d4 d6 5. b3 O-O 6. Bb2 e5 7. dxe5 Ng4 8. Qc1 Nxe5 9. Nxe5 Bxe5 10. Bxe5 dxe5 11. O-O c6 12. Nd2 Qe7 13. Nc4 f6 14. Rd1 Be6 15. Nd6 Rd8 16. Qa3 a5 17. Rd2 Na6 18. Rad1 Nb4 19. c4 b6 20. Qb2 Rd7 21. a3 Rad8 22. axb4 Rxd6 23. bxa5 bxa5 24. Bxc6 Rxd2 25. Rxd2 Rb8 26. Bb5 Qb4 27. Qc2 Bf5 28. Qd1 Kg7 29. Kg2 Qc3 30. Rd6 Qc2 31. Qe1 Qe4+ 32. f3 Qe3 33. Qd2 Qxb3 34. g4 Bc8 35. Qxa5 Qe3 36. Kf1 e4 37. Qd8 Ra8 38. Qxf6+ Kh6 39. Qf8+ Kg5 40. Rd5+ Kh4 41. Qe7+ 1-0

[Event "Presidents Day NY GM A 2025"]
[Site "New York"]
[Date "2025.02.16"]
[Round "6.5"]
[White "Jacobson, Aaron"]
[Black "Lenderman, Aleksandr"]
[Result "1-0"]
[Annotator "ChessBase"]
[ECO "C11"]
[WhiteElo "2343"]
[BlackElo "2480"]
[PlyCount "89"]
[EventDate "2025.02.12"]
[EventType "tourn"]
[EventCountry "USA"]
[SourceTitle "playchess.com"]
[Source "ChessBase"]
[SourceQuality "1"]
[TimeControl "5400+30"]

1. e4 e6 2. d4 d5 3. Nc3 Nf6 4. e5 Nfd7 5. Nce2 c5 6. c3 Nc6 7. a3 a5 8. Nf3 a4 9. h4 Qb6 10. Nf4 Qb3 11. Qe2 cxd4 12. cxd4 b6 13. Rh3 Ba6 14. Qxa6 Rxa6 15. Bxa6 Bb4+ 16. axb4 Qxb4+ 17. Bd2 Qxb2 18. Rc1 Nb4 19. Nd3 Nxd3+ 20. Bxd3 O-O 21. Rb1 Qa2 22. Ke2 f6 23. Rhh1 Qa3 24. Bb4 Qa2+ 25. Bd2 Qa3 26. Rhd1 Qe7 27. Bb4 Qd8 28. Bxf8 Nxf8 29. Rb4 fxe5 30. dxe5 Nd7 31. Rxa4 Nc5 32. Ra7 b5 33. Rda1 Na4 34. Bxb5 Qb8 35. Ra5 Nb6 36. Kf1 Qc7 37. h5 h6 38. Bd3 Qc3 39. Bg6 Nd7 40. Ra8+ Nf8 41. Rb1 d4 42. Rbb8 Qc4+ 43. Kg1 Qc1+ 44. Kh2 Qf4+ 45. Kh3 1-0

[Event "Presidents Day NY GM A 2025"]
[Site "New York"]
[Date "2025.02.17"]
[Round "7.1"]
[White "Lenderman, Aleksandr"]
[Black "Gauri, Shankar"]
[Result "1/2-1/2"]
[Annotator "RC"]
[ECO "E14"]
[WhiteElo "2480"]
[BlackElo "2360"]
[PlyCount "30"]
[EventDate "2025.02.12"]
[EventType "tourn"]
[EventCountry "USA"]
[SourceTitle "playchess.com"]
[Source "ChessBase"]
[SourceQuality "1"]
[TimeControl "5400+30"]

1. d4 Nf6 2. c4 e6 3. Nf3 b6 4. e3 Bb7 5. Bd3 d5 6. O-O Bd6 7. b3 Nbd7 8. cxd5 exd5 9. Ba3 c5 10. Nc3 O-O 11. Nb5 Be7 12. Rc1 Re8 13. Bb2 a6 14. Nc3 Bd6 15. Qe2 Ne4 1/2-1/2

[Event "Presidents Day NY GM A 2025"]
[Site "New York"]
[Date "2025.02.17"]
[Round "7.2"]
[White "Yang, Qindong"]
[Black "Jacobson, Aaron"]
[Result "1/2-1/2"]
[Annotator "RC"]
[ECO "E11"]
[WhiteElo "2202"]
[BlackElo "2343"]
[PlyCount "112"]
[EventDate "2025.02.12"]
[EventType "tourn"]
[EventCountry "USA"]
[SourceTitle "playchess.com"]
[Source "ChessBase"]
[SourceQuality "1"]
[TimeControl "5400+30"]

1. d4 Nf6 2. c4 e6 3. Nf3 d5 4. g3 Bb4+ 5. Bd2 a5 6. Bg2 O-O 7. Qc2 Be7 8. O-O c6 9. Rc1 Nbd7 10. a4 h6 11. h4 Ne4 12. Be1 f5 13. e3 Bf6 14. Nc3 g5 15. hxg5 hxg5 16. Ne2 Rf7 17. Nd2 Qf8 18. f3 Nxd2 19. Qxd2 dxc4 20. Rxc4 e5 21. f4 gxf4 22. gxf4 e4 23. Ng3 Be7 24. Rc2 Nb6 25. Bf1 Be6 26. Qc1 Rh7 27. Rg2 Kh8 28. Bc3 Nd5 29. Qd2 Qf7 30. Re1 Rg8 31. Ree2 Nxc3 32. Qxc3 Bb4 33. Qc1 Bb3 34. Nh1 Rhg7 35. Rxg7 Rxg7+ 36. Rg2 Rxg2+ 37. Bxg2 Bxa4 38. Ng3 Bb3 39. Kf2 Qh7 40. Bf1 Qh2+ 41. Bg2 Be6 42. d5 Bxd5 43. Nxf5 Kh7 44. Qd1 Be6 45. Qg4 Bf8 46. Qg5 Bf7 47. Nh4 a4 48. Kf1 Bc4+ 49. Kf2 Bf7 50. Kf1 Bc4+ 51. Kf2 b5 52. Qg6+ Kh8 53. Qh5+ Kg8 54. Qg6+ Kh8 55. Qh5+ Kg8 56. Qg6+ Kh8 1/2-1/2

[Event "Presidents Day NY GM A 2025"]
[Site "New York"]
[Date "2025.02.17"]
[Round "7.3"]
[White "Park, Evan"]
[Black "Putnam, Liam"]
[Result "1/2-1/2"]
[Annotator "RC"]
[ECO "C47"]
[WhiteElo "2415"]
[BlackElo "2402"]
[PlyCount "36"]
[EventDate "2025.02.12"]
[EventType "tourn"]
[EventCountry "USA"]
[SourceTitle "playchess.com"]
[Source "ChessBase"]
[SourceQuality "1"]
[TimeControl "5400+30"]

1. e4 e5 2. Nf3 Nf6 3. Nc3 Nc6 4. d4 exd4 5. Nxd4 Bb4 6. Nxc6 bxc6 7. Bd3 O-O 8. O-O d5 9. Bd2 Re8 10. Nxd5 Nxd5 11. exd5 Bxd2 12. Qxd2 cxd5 13. Rfe1 Be6 14. Bb5 Rf8 15. Bc6 Rb8 16. b4 Qh4 17. b5 Qa4 18. Bxd5 Bxd5 1/2-1/2

[Event "Presidents Day NY GM A 2025"]
[Site "New York"]
[Date "2025.02.17"]
[Round "7.4"]
[White "Kaliksteyn, Alexander"]
[Black "Paragua, Mark"]
[Result "1/2-1/2"]
[Annotator "RC"]
[ECO "C54"]
[WhiteElo "2337"]
[BlackElo "2446"]
[PlyCount "30"]
[EventDate "2025.02.12"]
[EventType "tourn"]
[EventCountry "USA"]
[SourceTitle "playchess.com"]
[Source "ChessBase"]
[SourceQuality "1"]
[TimeControl "5400+30"]

1. e4 e5 2. Bc4 Nc6 3. Nf3 Bc5 4. O-O Nf6 5. d3 d6 6. c3 O-O 7. h3 h6 8. Re1 Ne7 9. d4 exd4 10. cxd4 Bb4 11. Nc3 c6 12. Bd3 Be6 13. a3 Ba5 14. b4 Bb6 15. Be3 a5 1/2-1/2

[Event "Presidents Day NY GM A 2025"]
[Site "New York"]
[Date "2025.02.17"]
[Round "7.5"]
[White "Nagy, Gabor"]
[Black "Stearman, Josiah"]
[Result "1/2-1/2"]
[Annotator "RC"]
[ECO "A49"]
[WhiteElo "2472"]
[BlackElo "2439"]
[PlyCount "32"]
[EventDate "2025.02.12"]
[EventType "tourn"]
[EventCountry "USA"]
[SourceTitle "playchess.com"]
[Source "ChessBase"]
[SourceQuality "1"]
[TimeControl "5400+30"]

1. d4 Nf6 2. Nf3 g6 3. g3 Bg7 4. Bg2 O-O 5. O-O d6 6. Re1 c5 7. dxc5 dxc5 8. Qxd8 Rxd8 9. c3 Be6 10. Ng5 Bd5 11. e4 Bc6 12. Nd2 e5 13. Nc4 h6 14. Nf3 Bxe4 15. Nfxe5 Bxg2 16. Kxg2 Nbd7 1/2-1/2

[Event "Presidents Day NY GM A 2025"]
[Site "New York"]
[Date "2025.02.17"]
[Round "8.1"]
[White "Gauri, Shankar"]
[Black "Stearman, Josiah"]
[Result "0-1"]
[Annotator "RC"]
[ECO "A07"]
[WhiteElo "2360"]
[BlackElo "2439"]
[PlyCount "140"]
[EventDate "2025.02.12"]
[EventType "tourn"]
[EventCountry "USA"]
[SourceTitle "playchess.com"]
[Source "ChessBase"]
[SourceQuality "1"]
[TimeControl "5400+30"]

1. Nf3 d5 2. g3 Bg4 3. Bg2 Nd7 4. h3 Bxf3 5. Bxf3 c6 6. d4 e5 7. dxe5 Nxe5 8. Bg2 Nf6 9. O-O Bc5 10. Nc3 O-O 11. e4 Nxe4 12. Nxe4 dxe4 13. Bxe4 f5 14. Qxd8 Raxd8 15. Bg2 h6 16. Re1 Ng6 17. Bf3 f4 18. Kg2 Rd6 19. b4 fxg3 20. fxg3 Bxb4 21. Re2 Bc5 22. Bb2 Bd4 23. Bxd4 Rxd4 24. Rb1 Rf7 25. Bh5 Rd6 26. Rbe1 Rf5 27. Bg4 Rc5 28. h4 h5 29. Be6+ Kh7 30. Bb3 Rc3 31. Rf1 Rd4 32. Rf5 Kh6 33. Rg5 Rg4 34. Rxg4 hxg4 35. Re4 c5 36. a4 b6 37. Rxg4 Ne5 38. Re4 Nf3 39. Bf7 Nd4 40. Re8 Kh7 41. h5 Kh6 42. Bg6 Nxc2 43. Kh3 Ne3 44. Kh4 Rc4+ 45. g4 Rxg4+ 46. Kh3 Rxg6 47. hxg6 Nc4 48. Kg4 Kxg6 49. Kf4 Kf6 50. Rf8+ Ke6 51. Rg8 Kd5 52. Rxg7 a5 53. Rd7+ Kc6 54. Rd1 Nb2 55. Ra1 c4 56. Ra2 Nd3+ 57. Ke3 Kc5 58. Rh2 Kb4 59. Rh6 Kxa4 60. Rxb6 Nb4 61. Kd4 Kb3 62. Rh6 c3 63. Rh3 Na2 64. Kc5 a4 65. Kb5 a3 66. Ka5 Nb4 67. Rh4 Nc6+ 68. Kb5 a2 69. Rh1 Nd4+ 70. Kc5 Nc2 0-1

[Event "Presidents Day NY GM A 2025"]
[Site "New York"]
[Date "2025.02.17"]
[Round "8.2"]
[White "Paragua, Mark"]
[Black "Nagy, Gabor"]
[Result "1/2-1/2"]
[Annotator "ChessBase"]
[ECO "E08"]
[WhiteElo "2446"]
[BlackElo "2472"]
[PlyCount "28"]
[EventDate "2025.02.12"]
[EventType "tourn"]
[EventCountry "USA"]
[SourceTitle "playchess.com"]
[Source "ChessBase"]
[SourceQuality "1"]
[TimeControl "5400+30"]

1. d4 d5 2. c4 e6 3. Nf3 Nf6 4. g3 Bb4+ 5. Bd2 Be7 6. Bg2 O-O 7. O-O Nbd7 8. Qc2 c6 9. Bf4 Nh5 10. Bc1 Nhf6 11. Bf4 Nh5 12. Bc1 Nhf6 13. Bf4 Nh5 14. Bc1 Nhf6 1/2-1/2

[Event "Presidents Day NY GM A 2025"]
[Site "New York"]
[Date "2025.02.17"]
[Round "8.3"]
[White "Putnam, Liam"]
[Black "Kaliksteyn, Alexander"]
[Result "1/2-1/2"]
[Annotator "RC"]
[ECO "B94"]
[WhiteElo "2402"]
[BlackElo "2337"]
[PlyCount "113"]
[EventDate "2025.02.12"]
[EventType "tourn"]
[EventCountry "USA"]
[SourceTitle "playchess.com"]
[Source "ChessBase"]
[SourceQuality "1"]
[TimeControl "5400+30"]

1. e4 c5 2. Nf3 d6 3. d4 cxd4 4. Nxd4 Nf6 5. Nc3 a6 6. Bg5 Nbd7 7. Bc4 Qb6 8. Bb3 e6 9. Qd2 Be7 10. O-O-O Nc5 11. Rhe1 Qc7 12. f4 h6 13. Bxf6 Bxf6 14. Nf5 exf5 15. Nd5 Qd8 16. exf5+ Kf8 17. g4 Bd7 18. Bc4 Bc6 19. Nxf6 gxf6 20. b4 b5 21. Qxd6+ Qxd6 22. Rxd6 bxc4 23. Rxc6 Na4 24. Rxc4 Kg7 25. Re7 Rac8 26. Rcc7 Rxc7 27. Rxc7 Re8 28. Rc6 Re4 29. c4 Re2 30. Rxa6 Nc3 31. Ra3 Nxa2+ 32. Kd1 Rxh2 33. Rb3 Rh1+ 34. Kc2 Rf1 35. b5 Rxf4 36. Kb1 Rxc4 37. Kxa2 Rxg4 38. Ka3 Re4 39. b6 Re8 40. Kb4 h5 41. Kc5 Kh6 42. b7 Rb8 43. Kc6 Kg5 44. Kc7 Rxb7+ 45. Kxb7 Kxf5 46. Rb4 Kg5 47. Kc6 h4 48. Kd5 h3 49. Rb8 Kf4 50. Rh8 Kg3 51. Ke4 h2 52. Ke3 Kg2 53. Rg8+ Kf1 54. Rh8 Kg2 55. Ke2 h1=Q 56. Rg8+ Kh3 57. Rh8+ 1/2-1/2

[Event "Presidents Day NY GM A 2025"]
[Site "New York"]
[Date "2025.02.17"]
[Round "8.4"]
[White "Jacobson, Aaron"]
[Black "Park, Evan"]
[Result "0-1"]
[Annotator "RC"]
[ECO "D55"]
[WhiteElo "2343"]
[BlackElo "2415"]
[PlyCount "112"]
[EventDate "2025.02.12"]
[EventType "tourn"]
[EventCountry "USA"]
[SourceTitle "playchess.com"]
[Source "ChessBase"]
[SourceQuality "1"]
[TimeControl "5400+30"]

1. c4 e6 2. Nc3 d5 3. d4 Nf6 4. Bg5 Be7 5. e3 O-O 6. Nf3 b6 7. Qc2 Bb7 8. cxd5 exd5 9. Bd3 Nbd7 10. O-O c5 11. Rad1 h6 12. Bh4 Re8 13. Bf5 cxd4 14. Rd2 d3 15. Rxd3 Nf8 16. Rd4 g6 17. Qe2 Ne6 18. Bc2 Qc7 19. Rd2 Rac8 20. Qd1 Rcd8 21. Ba4 Rf8 22. Bb3 Nc5 23. Bxf6 Bxf6 24. Nxd5 Bxd5 25. Bxd5 a5 26. Qc2 Kg7 27. Rfd1 Rfe8 28. e4 Qf4 29. Re1 h5 30. Qc4 Re7 31. Rde2 Kf8 32. Nd4 Rxd5 33. Qxd5 Rd7 34. Qa8+ Rd8 35. Qc6 Rxd4 36. Qxb6 Nd3 37. Rd1 Be5 38. g3 Qf3 39. Rdd2 Ne1 40. Qc5+ Kg8 41. Qc8+ Kg7 42. Qh3 Rxd2 43. Rxd2 Qxe4 44. Rd7 Nf3+ 45. Kf1 Qc4+ 46. Kg2 Ng5 47. Qh4 Qc6+ 48. Kf1 Qxd7 49. Qxg5 Qb5+ 50. Kg2 Qxb2 51. a4 Bd4 52. Qf4 Qb4 53. h4 Bf6 54. Qxb4 axb4 55. a5 b3 56. a6 Bd4 0-1

[Event "Presidents Day NY GM A 2025"]
[Site "New York"]
[Date "2025.02.17"]
[Round "8.5"]
[White "Lenderman, Aleksandr"]
[Black "Yang, Qindong"]
[Result "1/2-1/2"]
[Annotator "ChessBase"]
[ECO "E36"]
[WhiteElo "2480"]
[BlackElo "2202"]
[PlyCount "38"]
[EventDate "2025.02.12"]
[EventType "tourn"]
[EventCountry "USA"]
[SourceTitle "playchess.com"]
[Source "ChessBase"]
[SourceQuality "1"]
[TimeControl "5400+30"]

1. d4 Nf6 2. c4 e6 3. Nc3 Bb4 4. Qc2 d5 5. a3 Bxc3+ 6. Qxc3 O-O 7. Nf3 dxc4 8. Qxc4 b6 9. Bg5 Bb7 10. Rd1 Nbd7 11. Ne5 c5 12. Nxd7 Qxd7 13. dxc5 Qc7 14. Bxf6 gxf6 15. Qg4+ Kh8 16. Qd4 Qe7 17. Qd6 Qxd6 18. cxd6 Rfd8 19. f3 Rac8 1/2-1/2